 Dungeon Crawl Stone Soup version 0.18.1-48-g4cf74bf (webtiles) character file.

289 Galewin the Cleaver (level 6, 0/51 HPs)
             Began as a Minotaur Berserker on Aug 24, 2016.
             Was a Priest of Trog.
             Slain by an orc
             ... wielding a cursed +0 flail
              (11 damage)
             ... on level 5 of the Dungeon on Aug 25, 2016.
             The game lasted 00:08:06 (3139 turns).

Galewin the Cleaver (Minotaur Berserker)            Turns: 3139, Time: 00:08:07

Health: 0/51       AC:  2    Str: 24    XL:     6   Next: 9%
Magic:  5/5        EV: 12    Int:  4    God:    Trog [***...]
Gold:   192        SH:  0    Dex:  9    Spells: 0 memorised, 5 levels left

rFire  . . .     SeeInvis .     a - +0 hand axe
rCold  . . .     Gourm    .     b - +0 animal skin
rNeg   . . .     Faith    .     (no shield)
rPois  .         Spirit   .     (helmet restricted)
rElec  .         Dismiss  .     (no cloak)
rCorr  .         Reflect  .     (no gloves)
SustAt .         Harm     .     (no boots)
MR     ++...                    (no amulet)
Stlth  +.........               (no ring)
                                (no ring)

@: lethally poisoned (0 -> 0), exhausted, regenerating, very resistant to
hostile enchantments, very unstealthy
A: retaliatory headbutt, horns 2
a: Berserk, Trog's Hand, Burn Spellbooks, Renounce Religion


You were on level 5 of the Dungeon.
You worshipped Trog.
Trog was most pleased with you.
You were full.

You visited 1 branch of the dungeon, and saw 5 of its levels.

You collected 192 gold pieces.

Inventory:

Hand Weapons
 a - a +0 hand axe (weapon)
Armour
 b - a +0 animal skin (worn)
Scrolls
 e - a scroll of enchant armour {unknown}
 l - 2 scrolls of identify
 m - 2 scrolls of amnesia {unknown}
 o - a scroll of fear {unknown}
 q - a scroll of blinking {unknown}
 t - a scroll of magic mapping {unknown}
 u - a scroll of teleportation {unknown}
 v - a scroll of remove curse {unknown}
Potions
 d - a potion of haste {unknown}
 f - a potion of agility {unknown}
 g - a potion of magic {unknown}
 h - 5 potions of curing
 i - a potion of invisibility {unknown}
 j - 3 potions of heal wounds {unknown}
 s - 3 potions of might {unknown}
Comestibles
 c - 2 bread rations
 k - 2 slices of pizza
 n - a beef jerky
 p - 6 chunks of flesh


   Skills:
 - Level 3.6 Fighting
 * Level 8.3 Axes
 - Level 2.4 Armour
 - Level 2.1 Dodging


You had 5 spell levels left.
You didn't know any spells.

Dungeon Overview and Level Annotations

Branches:
Dungeon (5/15)
 Temple: D:4-7

Altars:
Ashenzari
Cheibriados
Fedhas
Qazlal
Zin

Shops:
D:4 [


Innate Abilities, Weirdness & Mutations

You reflexively headbutt those who attack you in melee.
You have a pair of horns on your head.


Message History

You feel yourself speed up.
You feel sick. The worker ant closely misses you.
You closely miss the worker ant.
The worker ant is almost dead.
You feel sick. The worker ant barely misses you.
You hit the worker ant but do no damage.
The worker ant is almost dead.
You feel sick.
The worker ant bites you but does no damage.
You hit the worker ant but do no damage.
The worker ant is almost dead.
You feel sick. The worker ant bites you.
* * * LOW HITPOINT WARNING * * *
You slash the worker ant!
You kill the worker ant!
Trog accepts your kill.
You hit the orc.
The orc is heavily wounded.
You feel sick. The orc hits you with a flail!
You die...

#.#.###.##
#.##...## #.
##.## #. #.# #.
#.# #. #.# #.
##.##
#.##...#########
#.......@o.....#
####...#######.#
##.## #.# #.#
#.. ##


You could see an orc.

Vanquished Creatures
  A howler monkey (D:4)
  Terence (D:2)
  2 orc wizards (D:5)
  A worker ant (D:5)
  Robin (D:2)
  4 adders
  An adder skeleton (D:4)
  A worm (D:2)
  A dart slug (D:2)
  2 giant geckos
  4 orcs
  3 ball pythons
  3 giant cockroaches (D:1)
  12 goblins
  11 hobgoblins
  4 jackals (D:1)
  11 kobolds
  A quokka (D:4)
  11 bats
  4 giant newts
  11 rats
90 creatures vanquished.

Notes
Turn   | Place    | Note
--------------------------------------------------------------
     0 | D:1      | Galewin the Minotaur Berserker began the quest for the Orb.
     0 | D:1      | Reached XP level 1. HP: 19/19 MP: 0/0
    32 | D:1      | Reached skill level 4 in Axes
    68 | D:1      | Reached XP level 2. HP: 12/26 MP: 1/1
   185 | D:1      | Reached skill level 5 in Axes
   252 | D:1      | Reached ** piety under Trog
   314 | D:1      | Reached XP level 3. HP: 24/31 MP: 2/2
   906 | D:2      | Noticed Terence
   915 | D:2      | Killed Terence
   915 | D:2      | Reached XP level 4. HP: 39/39 MP: 3/3
   919 | D:2      | Found a snail-covered altar of Cheibriados.
  1038 | D:2      | Reached skill level 6 in Axes
  1273 | D:2      | Noticed Robin
  1285 | D:2      | Killed Robin
  1323 | D:2      | Reached *** piety under Trog
  1379 | D:2      | Found a stormy altar of Qazlal.
  1387 | D:2      | Found a glowing silver altar of Zin.
  1625 | D:2      | Found a blossoming altar of Fedhas.
  1941 | D:3      | Reached skill level 7 in Axes
  1941 | D:3      | Reached XP level 5. HP: 42/45 MP: 4/4
  1942 | D:3      | Received a gift from Trog
  1989 | D:3      | Found a shattered altar of Ashenzari.
  2565 | D:4      | Found Kodd's Armour Emporium.
  3040 | D:5      | Entered Level 5 of the Dungeon
  3108 | D:5      | Reached skill level 8 in Axes
  3108 | D:5      | Reached XP level 6. HP: 33/51 MP: 5/5
  3139 | D:5      | Slain by an orc

Skill      XL: |  1  2  3  4  5 |
---------------+----------------+-----
Axes           | 4 5 7 8 |  8.3
Fighting       | |  3.6
Armour         | |  2.4
Dodging        | |  2.1

Action                   |  1- 3 |  4- 6 || total
-------------------------+-------+-------++-------
Melee: Hand axe          |    90 |   128 ||   218
       Headbutt          |     7 |     8 ||    15
Invok: Berserk           |     1 |     3 ||     4
       Trog's Hand       |       |     1 ||     1
  Use: Scroll            |       |     1 ||     1
 Stab: Sleeping          |       |     1 ||     1
  Eat: Chunk             |       |     8 ||     8
       Fruit             |       |     4 ||     4
       Meat ration       |       |     1 ||     1
Armor: Animal skin       |    23 |    18 ||    41
Dodge: Dodged            |    59 |    70 ||   129
